 Dungeon Crawl Stone Soup version 0.31-b1-22-gc680215f68 (webtiles) character file.

Game seed: 1320272085785495782

286 Arctor the Vexing (level 6, -2/47 HPs)
             Began as a Gnoll Hexslinger on Jan 18, 2024.
             Slain by Maggie
             ... wielding a +3 war axe of flaming
              (14 damage)
             ... on level 6 of the Dungeon.
             The game lasted 00:06:52 (2839 turns).

Arctor the Vexing (Gnoll Hexslinger)                Turns: 2839, Time: 00:06:53

Health: -2/47      AC:  7    Str:  9 (12) XL:     6   Next: 30%
Magic:  11/11      EV: 13    Int: 12 (13) God:
Gold:   174        SH:  0    Dex: 13 (14) Spells: 11/11 levels left

rFire   + . .        b - +3 executioner's axe
rCold   . . .        (shield currently unavailable)
rNeg    . . .        m - +1 leather armour of the Land of Plenty {Harm rF+ Slay+3}
rPois   +            k - +0 helmet of Wariness {Rampage rPois Regen+ Str+3}
rElec   .            (no cloak)
rCorr   .            o - +1 pair of gloves
SInv    .            (no boots)
Will    +....        n - amulet of magic regeneration
Stlth   ++           d - ring of willpower
HPRegen 1.07/turn    (no ring)
MPRegen 0.52/turn

%: harm (+30% outgoing, +20% incoming), rampage
@: no status effects
A: fangs 1, strong nose, distributed training
a: no special abilities


You were on level 6 of the Dungeon.
You visited 1 branch of the dungeon, and saw 6 of its levels.

You collected 174 gold pieces.

Inventory:

Hand Weapons
 a - a +1 sling
 b - a +3 executioner's axe (weapon)
Armour
 k - the +0 helmet of Wariness (worn) {Rampage rPois Regen+ Str+3}
   (You found it on level 3 of the Dungeon)

   Str+3:     It affects your strength (+3).
   rPois:     It protects you from poison Regen+: It increases your rate of
   health regeneration.
   Rampage:   It bestows one free step when moving towards enemies.
 m - the +1 leather armour of the Land of Plenty (worn) {Harm rF+ Slay+3}
   (You found it on level 2 of the Dungeon)

   Slay+3:    It affects your accuracy & damage with ranged weapons and melee
   (+3).
   rF+:       It protects you from fire.
   Harm:      It increases damage dealt and taken.
 o - a +1 pair of gloves (worn)
Jewellery
 d - a ring of willpower (left hand)
 n - an amulet of magic regeneration (around neck)
 p - a +6 ring of strength
Scrolls
 e - 2 scrolls of teleportation
 g - 3 scrolls of poison
 i - 2 scrolls of vulnerability
 q - a scroll of noise
Potions
 c - a potion of brilliance
 h - a potion of heal wounds
 l - a potion of cancellation


   Skills:
 + Level 3.2 Fighting
 + Level 2.0 Short Blades
 + Level 2.0 Long Blades
 + Level 2.0 Axes
 + Level 2.0 Maces & Flails
 + Level 2.0 Polearms
 + Level 2.0 Staves
 + Level 5.0 Ranged Weapons
 + Level 2.0 Throwing
 + Level 2.0 Armour
 + Level 5.0 Dodging
 + Level 2.0 Stealth
 + Level 2.0 Shields
 + Level 2.0 Unarmed Combat
 + Level 3.4 Spellcasting
 + Level 1.5 Conjurations
 + Level 5.6 Hexes
 + Level 1.5 Summonings
 + Level 1.5 Necromancy
 + Level 1.5 Translocations
 + Level 2.6 Fire Magic
 + Level 1.5 Ice Magic
 + Level 1.5 Air Magic
 + Level 1.5 Earth Magic
 + Level 1.5 Alchemy
 + Level 2.2 Invocations
 + Level 2.0 Evocations
 + Level 1.8 Shapeshifting


You had 11 spell levels left.
You didn't know any spells.
Your spell library contained the following spells:

 Spells                   Type           Power      Damage    Failure   Level
 Jinxbite                 Hex            30%        N/A       4%          2
 Sigil of Binding         Hex            15%        N/A       10%         3
 Freeze                   Ice            20%        1d4       17%         1
 Shock                    Conj/Air       20%        1d4       17%         1
 Inner Flame              Hex/Fire       12%        N/A       17%         3
 Cause Fear               Hex            7%         N/A       30%         4
 Frozen Ramparts          Ice            10%        1d2       45%         3
 Hailstorm                Conj/Ice       5%         3d5       45%         3
 Dimensional Bullseye     Hex/Tloc       5%         N/A       56%         4
 Sticky Flame             Fire/Alch      7%         2d4       80%         4
 Airstrike                Air            2%         2d(1-17)  86%         4
 Plasma Beam              Fire/Air       3%         2x1d13    100%        6


Dungeon Overview and Level Annotations

Branches:
Dungeon (6/15)
 Temple: D:4-7

Altars:
Cheibriados
Dithmenos
Elyvilon
Hepliaklqana
Wu Jian
The Shining One

Shops:
D:3 ?

Annotations:
D:6 Maggie


Innate Abilities, Weirdness & Mutations

You have very sharp teeth.
Your uncanny sense of smell can sniff out nearby items.
Your experience applies equally to all skills.


Message History

You now have 174 gold pieces (gained 11).
Maggie is nearby!
Maggie is nearby!
You barely miss Maggie.
Maggie mumbles the words to a spell, but in the wrong order.
Maggie hits you with a +3 war axe of flaming!
Maggie burns you.
Maggie hits you with a +3 war axe of flaming!
Maggie burns you.
There are monsters nearby!
You are too injured to fight recklessly!
There are monsters nearby!
You are too injured to fight recklessly!
You are too injured to fight recklessly!
Unknown command.
Okay, then.
The air fills with toxic fumes!
As you read the scroll of poison, it crumbles to dust.
Maggie mumbles some strange words.
Maggie attempts to bespell you! You resist with almost no effort.
Unknown command.
You slash Maggie!
Maggie is moderately wounded.
Maggie barely misses you. Maggie closely misses you.
You hit Maggie but do no damage.
Maggie is moderately wounded.
Maggie closely misses you.
Maggie hits you with a +3 war axe of flaming!
* * * LOW HITPOINT WARNING * * *
Maggie burns you.
* * * LOW HITPOINT WARNING * * *
Okay, then.
Sorry, you're not good enough to have a special ability.
Unknown command.
The gnoll shouts!
You slash Maggie!
Maggie is heavily wounded.
You hear a shout! x2
Maggie hits you with a +3 war axe of flaming!
You die...

#.g.# #.... .. #☼§§# # #.#.#
#. #☼§§# .##.#.###@### #☼§§#
......[##..5.
######§§§########....####..
####..§§§§§§§§☼§§##§§....###gg
......§§§§§§§§§§§§§§g.g.g.5.g.
###..§§§☼☼§§@§§§#........g#..
####.#...#@####.......g.#..
#[#...#§# ##.#...>#####
#.#...#§# #.#....#
#.#...#§#####......#
#.#.(.#§#...###.####
#.....§§§...# #.#
#########...# #.#
#......#.####.. #...........#


You could see Maggie and a gnoll (wandering).

Vanquished Creatures
  A scorpion (D:6)
  A howler monkey (D:6)
  A hound (D:4)
  A gnoll (D:5)
  Robin (D:3)
  4 adders
  2 ufetubi (D:6)
  2 dart slugs
  2 ribbon worms (D:2)
  6 orcs
  3 ball pythons
  3 bats
  8 endoplasms
  11 goblins
  8 hobgoblins
  6 jackals
  3 quokkas
  2 frilled lizards
  5 kobolds
  7 rats
77 creatures vanquished.

Notes
Turn   | Place    | Note
-------+----------+-------------------------------------------
     0 | D:1      | Arctor the Gnoll Hexslinger began the quest for the Orb.
     0 | D:1      | Reached XP level 1. HP: 17/17 MP: 4/4
   168 | D:1      | Found a faded altar of an unknown god.
   503 | D:1      | Reached XP level 2. HP: 23/23 MP: 5/5
   719 | D:2      | Found a glowing golden altar of the Shining One.
   864 | D:2      | Reached XP level 3. HP: 24/28 MP: 7/7
  1019 | D:2      | Reached skill level 1 in Invocations
  1116 | D:2      | Identified the +1 leather armour of the Land of Plenty
                  | {Harm rF+ Slay+3}
  1478 | D:3      | Noticed Robin
  1482 | D:3      | Reached skill level 1 in Short Blades
  1482 | D:3      | Reached skill level 1 in Long Blades
  1482 | D:3      | Reached skill level 1 in Axes
  1482 | D:3      | Reached skill level 1 in Maces & Flails
  1482 | D:3      | Reached skill level 1 in Polearms
  1482 | D:3      | Reached skill level 1 in Staves
  1482 | D:3      | Reached skill level 1 in Throwing
  1482 | D:3      | Reached skill level 1 in Armour
  1482 | D:3      | Reached skill level 1 in Stealth
  1482 | D:3      | Reached skill level 1 in Shields
  1482 | D:3      | Reached skill level 1 in Unarmed Combat
  1482 | D:3      | Reached skill level 1 in Evocations
  1489 | D:2      | Reached skill level 1 in Shapeshifting
  1489 | D:2      | Reached XP level 4. HP: 6/34 MP: 8/8
  1778 | D:3      | Killed Robin
  1779 | D:3      | Reached skill level 1 in Conjurations
  1779 | D:3      | Reached skill level 1 in Summonings
  1779 | D:3      | Reached skill level 1 in Necromancy
  1779 | D:3      | Reached skill level 1 in Translocations
  1779 | D:3      | Reached skill level 1 in Ice Magic
  1779 | D:3      | Reached skill level 1 in Air Magic
  1779 | D:3      | Reached skill level 1 in Earth Magic
  1779 | D:3      | Reached skill level 1 in Alchemy
  1873 | D:3      | Found a hazy altar of Hepliaklqana.
  1873 | D:3      | Found a shadowy altar of Dithmenos.
  1873 | D:3      | Noticed a shadow
  2015 | D:3      | Found an ornate altar of the Wu Jian Council.
  2191 | D:3      | Identified the +0 helmet of Wariness {Rampage rPois Regen+
                  | Str+3}
  2193 | D:3      | Reached XP level 5. HP: 40/40 MP: 9/9
  2307 | D:3      | Found Daosov's Magic Scroll Boutique.
  2469 | D:4      | Got the Dissertation on Electricity and Cinders
  2495 | D:4      | Found a white marble altar of Elyvilon.
  2536 | D:4      | Found a snail-covered altar of Cheibriados.
  2558 | D:5      | Entered Level 5 of the Dungeon
  2614 | D:5      | Noticed an ogre
  2682 | D:6      | Noticed Maggie
  2765 | D:6      | Reached XP level 6. HP: 47/47 MP: 9/11
  2789 | D:6      | Reached skill level 5 in Ranged Weapons
  2789 | D:6      | Reached skill level 5 in Dodging
  2839 | D:6      | Slain by Maggie

Illustrated notes

Levels and vault maps discovered:
D:1:      sevenhm_arrival_forest_fort_small_6, layout_loops_cross,
          hellmonk_ecumenical_altar_inner_sanctum, serial_bayou_lagoon_b
D:2:      layout_rooms, basic_altar, wad_orctagon
D:3:      layout_rooms, riverfiend_overflow_shadow_ancestor,
          mainiacjoe_overflow_paths, serial_shops, nicolae_shop_rolled_up,
          uniq_robin
D:4:      layout_basic, mainiacjoe_overflow_six_doors_small,
          nicolae_overflow_crystal_walls, mainiacjoe_overflow_boulevard,
          minmay_temple_entry_wispy, hellmonk_guarded_unrand_hermit
D:5:      layout_basic, mainiacjoe_overflow_large_starburst
D:6:      layout_loops_cross, minmay_misc_feat_tiny, minmay_microvault,
          uniq_edmund, uniq_maggie

Skill      XL: |  1  2  3  4  5  6 |
---------------+-------------------+-----
Fire Magic     | 2 |  2.6
Invocations    | 1 2 |  2.2
Short Blades   | 1 2 |  2.0
Long Blades    | 1 2 |  2.0
Axes           | 1 2 |  2.0
Maces & Flails | 1 2 |  2.0
Polearms       | 1 2 |  2.0
Staves         | 1 2 |  2.0
Throwing       | 1 2 |  2.0
Armour         | 1 2 |  2.0
Stealth        | 1 2 |  2.0
Shields        | 1 2 |  2.0
Unarmed Combat | 1 2 |  2.0
Evocations     | 1 2 |  2.0
Shapeshifting  | 1 |  1.8
Spellcasting   | 3 |  3.4
Conjurations   | 1 |  1.5
Summonings     | 1 |  1.5
Necromancy     | 1 |  1.5
Translocations | 1 |  1.5
Ice Magic      | 1 |  1.5
Air Magic      | 1 |  1.5
Earth Magic    | 1 |  1.5
Alchemy        | 1 |  1.5
Fighting       | 3 |  3.2
Ranged Weapons | 5 |  5.0
Dodging        | 5 |  5.0
Hexes          | |  5.6

Action                     |  1- 3 |  4- 6 || total
---------------------------+-------+-------++-------
  Melee: Executioner's axe |    74 |    69 ||   143
         Bite              |     7 |    10 ||    17
   Fire: Sling             |     5 |    20 ||    25
    Use: Potion            |     4 |     2 ||     6
         Scroll            |       |    10 ||    10
 Armour: Ring mail         |    74 |       ||    74
         Leather armour    |    33 |    96 ||   129
  Dodge: Dodged            |    75 |   114 ||   189
